 Dungeon Crawl Stone Soup version 0.31-a0-219-g8d62b2e7bb (webtiles) character file.

Game seed: 9707230954707908838

50 porpoise the Sneak (level 3, 0/24 HPs)
             Began as a Merfolk Enchanter on July 3, 2023.
             Frozen to death by an endoplasm (3 damage)
             ... on level 2 of the Dungeon.
             The game lasted 00:03:54 (1117 turns).

porpoise the Sneak (Merfolk Enchanter)              Turns: 1117, Time: 00:03:55

Health: 0/24       AC:  2    Str:  8    XL:     3   Next: 79%
Magic:  0/6        EV: 12    Int: 16    God:
Gold:   76         SH:  0    Dex: 14    Spells: 5/7 levels left

rFire   . . .        a - +1 dagger
rCold   . . .        (no shield)
rNeg    . . .        b - +0 robe
rPois   .            (no helmet)
rElec   .            (no cloak)
rCorr   .            (no gloves)
SInv    .            (no boots)
Will    .....        (no amulet)
Stlth   +++          (no ring)
HPRegen 0.24/turn    (no ring)
MPRegen 0.10/turn

%: no passive effects
@: no status effects
A: (nimble swimmer 2), mertail
a: no special abilities


You were on level 2 of the Dungeon.
You visited 1 branch of the dungeon, and saw 2 of its levels.

You collected 76 gold pieces.

Inventory:

Hand Weapons
 a - a +1 dagger (weapon)
Missiles
 e - 7 poisoned darts
Armour
 b - a +0 robe (worn)
Scrolls
 f - a scroll of immolation
 h - a scroll of identify {unknown}
Potions
 c - 2 potions of invisibility
 d - a potion of berserk rage {unknown}
 g - a potion of degeneration {unknown}
 i - 2 potions of curing {unknown}
 j - a potion of heal wounds {unknown}


   Skills:
 - Level 1.2 Short Blades
 - Level 2.6 Dodging
 + Level 4.0 Stealth
 + Level 2.5 Spellcasting
 - Level 3.2 Hexes
 * Level 1.5 Ice Magic


You had 5 spell levels left.
You knew the following spells:

 Your Spells              Type           Power      Damage    Failure   Level
e - Ensorcelled Hibernat  Hex/Ice        18%        N/A       11%         2

Your spell library contained the following spells:

 Spells                   Type           Power      Damage    Failure   Level
 Confusing Touch          Hex            12%        N/A       16%         3
 Tukima's Dance           Hex            12%        N/A       16%         3
 Dazzling Flash           Conj/Hex       14%        N/A       30%         3


Dungeon Overview and Level Annotations

Branches:
Dungeon (2/15)

Altars:


Innate Abilities, Weirdness & Mutations

((You are very nimble when in or above water. (Stealth+, EV+, Speed+++)))
Your lower body shifts to a powerful aquatic tail in water.


Message History

You are frozen.
The dart slug bites you but does no damage.
You hit the dart slug.
The dart slug is almost dead.
The endoplasm hits you but does no damage.
The worm bites you!
* * * LOW HITPOINT WARNING * * *
The dart slug launches a dart at you. The slug dart misses you.
Casting: Ensorcelled Hibernation (safe; 11% risk of failure)
Confirm with . or Enter, or press ? or * to list all spells.
Aiming: Ensorcelled Hibernation (safe; 11% risk of failure)
Press: ? - help, Shift-Dir - straight line, f - dart slug
Aim: a dart slug (almost dead, chance to affect: 61%)
The dart slug resists with significant effort.
You are too injured to fight recklessly!
You are too injured to fight recklessly!
Casting: Ensorcelled Hibernation (safe; 11% risk of failure)
Confirm with . or Enter, or press ? or * to list all spells.
Aiming: Ensorcelled Hibernation (safe; 11% risk of failure)
Press: ? - help, Shift-Dir - straight line, f/p - dart slug
Aim: a dart slug (almost dead, chance to affect: 61%)
The dart slug resists with significant effort.
The dart slug briefly extends its eye-stalks.
You are too injured to fight recklessly!
Casting: Ensorcelled Hibernation (safe; 11% risk of failure)
Confirm with . or Enter, or press ? or * to list all spells.
Aiming: Ensorcelled Hibernation (safe; 11% risk of failure)
Press: ? - help, Shift-Dir - straight line, f/p - dart slug
Aim: a dart slug (almost dead, chance to affect: 61%)
The dart slug looks drowsy...
The endoplasm freezes you.
You are frozen.
* * * LOW HITPOINT WARNING * * *
The helpless dart slug fails to defend itself.
You impale the dart slug!!
You kill the dart slug!
The endoplasm freezes you.
You are frozen.
You die...

.### ## ..## ...
######..#...#
##....#..##..#
#..$[.†...#..# #
#?....#..#.#
#[.#.....#.###
.$.J.#.wJ......#
#....##..@..#.#.
######....$.#
........#.#####.#
...###........>.#
####...##.#######
$....#.....).#
####....####.####
###..#.......#
#..#.##.##.#


You could see a worm and an endoplasm.

Vanquished Creatures
  An adder (D:2)
  2 dart slugs
  2 endoplasms (D:1)
  A giant cockroach (D:1)
  4 hobgoblins
  4 jackals (D:1)
  A quokka (D:1)
  2 ball pythons (D:1)
  4 bats
  A frilled lizard (D:1)
  6 goblins (D:1)
  4 kobolds (D:1)
  6 rats (D:1)
38 creatures vanquished.

Notes
Turn   | Place    | Note
-------+----------+-------------------------------------------
     0 | D:1      | porpoise the Merfolk Enchanter began the quest for the Orb.
     0 | D:1      | Reached XP level 1. HP: 13/13 MP: 3/3
   126 | D:1      | Found a faded altar of an unknown god.
   238 | D:1      | Reached XP level 2. HP: 13/19 MP: 5/5
   313 | D:1      | Learned a level 2 spell: Ensorcelled Hibernation
   483 | D:1      | Reached XP level 3. HP: 24/24 MP: 0/6
   503 | D:1      | Reached skill level 1 in Ice Magic
  1040 | D:2      | Reached skill level 4 in Stealth
  1117 | D:2      | Frozen to death by an endoplasm

Illustrated notes

Levels and vault maps discovered:
D:1:      ncdulo_wetmaze, layout_loops_ring, hellmonk_ecumenical_altar_blasted
D:2:      layout_basic, basic_altar, dk_noncrumbling_2,
          minmay_randomly_rotated_circles

Skill      XL: |  1  2  3 |
---------------+----------+-----
Ice Magic      | 1 |  1.5
Stealth        | 4 |  4.0
Short Blades   | |  1.2
Dodging        | |  2.6
Spellcasting   | |  2.5
Hexes          | |  3.2

Action                     || total
---------------------------++-------
  Melee: Dagger            ||   134
         Punch             ||     2
   Cast: Ensorcelled Hiber ||     7
   Stab: Sleeping          ||    10
         Distracted        ||     1
 Armour: Robe              ||    17
  Dodge: Dodged            ||    70

Table legend: (Time is in decaauts)
 A = Elapsed time spent in this place.
 B = Non-inter-level travel time spent in this place.
 C = Inter-level travel time spent in this place.
 D = Time resting spent in this place.
 E = Time spent auto-exploring this place.
 F = Levels seen in this place.
 G = Mean time per level.
                   A        B        C        D        E       F      G
               +--------+--------+--------+--------+--------+-----+--------+
         Total |   1096 |   1078 |     18 |    177 |    577 |   2 |  548.0 |
       Dungeon |   1096 |   1078 |     18 |    177 |    577 |   2 |  548.0 |
               +--------+--------+--------+--------+--------+-----+--------+

Top non-repeatable levels by time:
     D:1: 974 daAuts
     D:2: 122 daAuts
